 Dungeon Crawl Stone Soup version 0.21.1-1-g345015f (webtiles) character file.

217024 prawnwizard the Executioner (level 18, -10/171 HPs)
             Began as a Minotaur Berserker on July 2, 2018.
             Was a High Priest of Trog.
             Mangled by a tentacle (14 damage)
             ... attached to a kraken simulacrum
             ... on level 4 of the Shoals.
             The game lasted 01:39:05 (33555 turns).

prawnwizard the Executioner (Minotaur Berserker)   Turns: 33555, Time: 01:39:06

Health: -10/171    AC: 25    Str: 29    XL:     18   Next: 37%
Magic:  17/17      EV: 20    Int:  4    God:    Trog [*****.]
Gold:   2417       SH:  6    Dex: 14    Spells: 17/17 levels left

rFire    x . .     SeeInvis .   F - +9 battleaxe of Homoazy {flame, *Noise rElec MR+ Dex+3}
rCold    + . .     Gourm    .   (shield currently unavailable)
rNeg     . . .     Faith    .   x - +1 scale mail {rPois}
rPois    +         Spirit   .   N - +2 hat
rElec    +         Reflect  +   U - +1 cloak
rCorr    .         Harm     .   Q - +1 pair of gloves
MR       ++++.                  k - +0 pair of boots
Stlth    ..........             i - +6 amulet of reflection
HPRegen  1.38/turn              n - ring of ice
MPRegen  0.15/turn              o - +5 ring of protection

@: mesmerised, regenerating, drained
A: retaliatory headbutt, horns 2
}: 1/15 runes: serpentine
a: Berserk, Trog's Hand, Brothers in Arms, Burn Spellbooks, Renounce Religion


You were on level 4 of the Shoals.
You worshipped Trog.
Trog was extremely pleased with you.
You were not hungry.

You visited 6 branches of the dungeon, and saw 32 of its levels.
You also visited: Labyrinth and Ossuary.

You collected 2953 gold pieces.
You spent 536 gold pieces at shops.

Inventory:

Hand Weapons
 F - the +9 battleaxe of Homoazy (weapon) {flame, *Noise rElec MR+ Dex+3}
   (Trog gifted it to you on level 11 of the Dungeon)

   It has been specially enchanted to burn those struck by it, causing extra
   injury to most foes and up to half again as much damage against particularly
   susceptible opponents.
   Big, fiery blades are also staple armaments of hydra-hunters.
   It affects your dexterity (+3).
   It insulates you from electricity.
   It affects your resistance to hostile enchantments.
   It may make noises in combat.
 I - the +9 broad axe "Pewkufar" {chop, MR- Dex+2 Stlth+}
   (You bought it in a shop on level 7 of the Dungeon)

   It inflicts extra damage upon your enemies.
   It affects your dexterity (+2).
   It affects your resistance to hostile enchantments.
   It makes you more stealthy.
 P - the +9 battleaxe "Enasuo" {protect, +Inv rPois}
   (Trog gifted it to you on level 4 of the Snake Pit)

   It protects the one who uses it against injury (+AC on strike).
   It protects you from poison.
   It lets you turn invisible.
Armour
 b - a +3 plate armour of fire resistance
 k - a +0 pair of boots (worn)
 q - the +5 ring mail of a volcano {rElec rN+}
   (You found it on level 14 of the Dungeon)

   It insulates you from electricity.
   It protects you from negative energy.
 x - a +1 scale mail of poison resistance (worn)
 N - a +2 hat (worn)
 Q - a +1 pair of gloves (worn)
 U - a +1 cloak (worn)
Jewellery
 i - a +6 amulet of reflection (around neck)
 j - an uncursed ring of protection from magic
 n - a ring of ice (left hand)
 o - a +5 ring of protection (right hand)
 y - an uncursed ring of fire
 C - an uncursed ring of see invisible
 D - a +2 ring of slaying
 E - an uncursed amulet of harm
 H - an uncursed ring of flight
 R - an uncursed amulet of the gourmand
 Y - a +4 ring of evasion
Wands
 B - a wand of enslavement (9)
Scrolls
 d - 18 scrolls of teleportation
 g - 14 scrolls of remove curse
 h - 3 scrolls of immolation
 m - 11 scrolls of identify
 p - 6 scrolls of magic mapping
 G - 5 scrolls of enchant armour
 J - 3 scrolls of fear
 L - 4 scrolls of enchant weapon
 M - a scroll of blinking {unknown}
 V - a scroll of acquirement
 X - 5 scrolls of fog
 Z - a scroll of holy word
Potions
 a - 3 potions of agility
 f - 4 potions of haste
 l - 4 potions of mutation
 r - 19 potions of curing
 s - 2 potions of flight
 t - 6 potions of might
 u - a potion of magic
 v - 2 potions of resistance
 w - 3 potions of ambrosia
 z - 6 potions of lignification
 O - a potion of invisibility
 W - 6 potions of heal wounds
Miscellaneous
 K - a sack of spiders
 S - a crystal ball of energy
Comestibles
 c - 29 rations


   Skills:
 + Level 17.7(16.9) Fighting
 * Level 23.2(22.3) Axes
   Level 2.0(1.5) Staves
 + Level 17.4(16.6) Armour
 + Level 16.2(15.4) Dodging
 - Level 0.2(0.0) Stealth


You had 17 spell levels left.
You didn't know any spells.

Dungeon Overview and Level Annotations

Branches:
Dungeon (15/15)            Temple (0/1) D:6            Lair (6/6) D:10
 Shoals (4/4) Lair:3        Snake (4/4) Lair:3        Slime (0/5) Lair:6
    Orc (2/2) D:10            Elf (1/3) Orc:2        Vaults (0/5) D:14
 Depths (0/5) D:15

Altars:
Cheibriados
Dithmenos
Kikubaaqudgha
Nemelex Xobeh
Qazlal
Ru
Trog
Vehumet
Xom
Yredelemnul
Zin
Jiyva

Shops:
D:5 }   D:7 (=   Orc:2 *%==[   Snake:1 [=

Annotations:
Lair:4 exclusion: 3 oklob plants
Lair:6 exclusion: oklob plant
Shoals:3 exclusion: Roxanne, Roxanne


Innate Abilities, Weirdness & Mutations

You reflexively headbutt those who attack you in melee.
You have a pair of horns on your head.


Message History

The merfolk impaler hits you from afar with a demon trident of draining!
* * * LOW HITPOINT WARNING * * *
You feel drained.
* * * LOW HITPOINT WARNING * * *
The water nymph misses you. You furiously retaliate!
You headbutt the water nymph.
The merfolk siren chants its luring song.
The merfolk javelineer hits you but does no damage.
You block the merfolk impaler's attack. The water nymph completely misses you.
You furiously retaliate!
You headbutt the water nymph!
You kill the water nymph!
Trog accepts your kill.
Trog appreciates your killing of a magic user.
You block the tentacle's attack.
Okay, then.
You eat one of the 30 rations.
That ration really hit the spot!
The tentacle slaps you!
* * * LOW HITPOINT WARNING * * *
The tentacle freezes you! You resist.
You die... ≈P≈≈P #.#E ≈≈P≈≈≈..# ≈Zw

≈≈≈≈P....# ≈w#
≈≈≈.P..P.# │.
≈≈.P...≈.##│
≈P......../######
≈≈.......│.[≈...##..
≈≈.....mmw[....≈....
≈≈≈...)m)@....≈≈≈...
≈≈≈....(m(...≈≈≈≈≈..
≈≈≈≈.≈.≈≈(.≈≈≈≈≈≈≈≈≈
≈≈≈≈≈≈.#..(≈≈≈≈≈≈≈≈≈
≈≈≈≈≈≈...≈≈≈≈≈≈≈≈≈≈≈
≈≈≈≈≈≈≈.≈≈≈(≈≈≈≈≈≈≈≈
≈≈≈≈≈≈≈≈≈≈≈≈≈≈≈≈≈≈≈≈
≈≈≈≈≈≈≈≈≈≈≈≈≈≈≈≈≈≈≈
≈≈≈≈≈≈≈≈≈≈≈≈≈≈≈≈≈≈


You could see a merfolk impaler, a merfolk javelineer, 3 tentacles, a merfolk
siren, a water nymph and a kraken simulacrum.

Vanquished Creatures
  Gastronok (D:10)
  Kirke (Lair:4)
  Donald (Snake:1)
  8 nagarajas
  An orc warlord (Orc:1)
  Aizul (Snake:3)
  Nessos (Lair:6)
  5 dire elephants (Lair:6)
  2 ettins (Orc:1)
  A minotaur (Lab)
  A merfolk javelineer (Lair:3)
  Josephine (D:10)
  3 merfolk impalers
  A yaktaur captain (D:15)
  2 ice dragons
  14 naga warriors
  4 hydras
  Harold (Lair:4)
  2 catoblepae
  An alligator snapping turtle (Shoals:2)
  A merfolk avatar (Shoals:2)
  11 anacondas
  7 centaur warriors
  2 merfolk aquamancers
  11 two-headed ogres
  4 death yaks (Lair:3)
  2 death knights
  An ogre mage (D:15)
  The ghost of Lucherd the Severer, a novice HOFi of Beogh (D:9)
  A satyr (Shoals:2)
  6 naga sharpshooters
  6 orc high priests (Orc:2)
  10 shock serpents
  4 salamander mystics
  4 skeletal warriors
  An orange crystal statue (D:15)
  13 sea snakes
  2 unseen horrors
  Pikel (D:7)
  A wizard (D:14)
  6 naga ritualists
  2 phantasmal warriors
  8 orc knights
  The ghost of Renzlar the Shield-Bearer, a novice GnFi of Hepliaklqana (D:5)
  13 mana vipers
  3 orc sorcerers
  5 harpies
  A necromancer (D:14)
  11 manticores
  5 deep elf magi
  4 cyclopes
  16 salamanders
  8 fauns
  2 ugly things
  7 merfolk sirens
  7 guardian serpents
  5 torpor snails
  A centaur zombie (D:15)
  33 black mambas
  6 elephants (Lair:6)
  11 spiny frogs
  16 naga magi
  A gargoyle (D:11)
  3 rime drakes
  3 water nymphs
  2 kobold demonologists
  An efreet (D:15)
  3 yaktaurs (D:14)
  10 komodo dragons
  A freezing wraith (D:15)
  7 trolls
  5 polar bears
  3 hornets (D:9)
  7 merfolk
  3 wind drakes
  12 slime creatures
  7 snapping turtles
  13 blink frogs
  11 hippogriffs
  7 dream sheep
  A shadow (D:12)
  6 water elementals
  4 wraiths
  A wyvern (Lair:4)
  2 basilisks
  72 yaks
  A hog (shapeshifter) (D:13)
  Grum (D:8)
  3 hungry ghosts
  2 hogs (Lair:4)
  8 vampire mosquitoes
  Menkaure (D:7)
  64 nagas
  10 wargs
  2 acid dragons (D:13)
  2 soldier ants
  15 water moccasins
  17 porcupines
  A slave (D:7)
  5 phantoms
  4 black bears
  35 orc warriors
  4 sky beasts
  3 ice beasts
  A necrophage (D:11)
  14 ogres
  9 wolves
  4 boggarts (D:14)
  An eye of draining (D:15)
  23 centaurs
  2 big kobolds
  12 crocodiles
  A wyvern zombie (D:6)
  14 bullfrogs
  A wyvern skeleton (D:14)
  6 scorpions
  A water moccasin skeleton (D:6)
  12 killer bees
  8 wights
  2 electric eels
  A howler monkey (D:6)
  13 crimson imps
  4 jellies
  4 bullfrog zombies
  6 hounds
  23 orc priests
  Crazy Yiuf (D:2)
  2 centaur skeletons
  28 orc wizards
  2 bullfrog skeletons
  9 iguanas
  5 worker ants
  2 hell rats (Lair:3)
  14 mummies
  A worker ant zombie (D:6)
  17 adders
  4 river rats (Lair:3)
  2 shadow imps
  3 white imps (Lair:4)
  An ooze (D:3)
  An adder skeleton (D:5)
  2 worms
  3 dart slugs
  7 leopard geckos
  118 orcs
  7 giant cockroaches
  7 goblins
  6 hobgoblins
  5 jackals
  2 quokkas
  14 bats
  8 frilled lizards
  2 goblin skeletons (Ossuary)
  A goblin zombie (D:5)
  A jackal zombie (D:5)
  21 kobolds
  A kobold skeleton (Ossuary)
  A kobold zombie (D:5)
  5 orc skeletons (Ossuary)
  13 rats
  11 rat skeletons (Ossuary)
  A bush (Lair:2)
  3 fungi
  11 plants
1179 creatures vanquished.

Vanquished Creatures (collateral kills)
  A nagaraja (Snake:4)
  A deep elf sorcerer (Elf:1)
  A merfolk impaler (Shoals:4)
  Erolcha (Orc:2)
  A naga warrior (Snake:4)
  A merfolk avatar (Shoals:2)
  A catoblepas (Shoals:2)
  2 merfolk aquamancers (Shoals:4)
  A shock serpent (Snake:4)
  An orc high priest (Orc:2)
  A deep elf mage (Elf:1)
  A guardian serpent (Snake:4)
  A water nymph (Shoals:4)
  A kobold demonologist (D:13)
  A freezing wraith (D:13)
  2 trolls
  A wraith (D:13)
  A warg (Orc:1)
  7 orc warriors
  A centaur (D:8)
  A big kobold (D:13)
  A wight (D:8)
  9 orc priests (Orc:2)
  15 orcs
  A kobold (D:13)
55 creatures vanquished.

Vanquished Creatures (others)
  2 elephants (Lair:6)
  A dream sheep (Shoals:1)
  A human (Lair:4)
  A water moccasin (Lair:4)
  2 slaves (D:7)
  4 fungi
  8 plants
19 creatures vanquished.

Grand Total: 1253 creatures vanquished

Notes
Turn   | Place    | Note
-------+----------+-------------------------------------------
     0 | D:1      | prawnwizard the Minotaur Berserker began the quest for the Orb.
     0 | D:1      | Reached XP level 1. HP: 19/19 MP: 0/0
   117 | D:1      | Reached XP level 2. HP: 22/27 MP: 1/1
   315 | D:1      | Reached skill level 4 in Axes
   474 | D:1      | Reached ** piety under Trog
   738 | D:2      | Reached XP level 3. HP: 25/34 MP: 2/2
  1207 | D:2      | Noticed an ogre
  1213 | D:2      | Killed an ogre
  1213 | D:2      | Reached XP level 4. HP: 19/41 MP: 3/3
  1433 | D:2      | Reached skill level 5 in Axes
  1607 | D:2      | Found a runed door.
  1640 | D:2      | Reached skill level 5 in Fighting
  1666 | D:2      | Noticed Crazy Yiuf
  1675 | D:2      | Killed Crazy Yiuf
  1675 | D:2      | Reached XP level 5. HP: 17/48 MP: 4/4
  2524 | D:3      | Reached XP level 6. HP: 32/56 MP: 5/5
  2588 | D:3      | Found a faded altar of an unknown god.
  2668 | D:3      | Reached *** piety under Trog
  2680 | D:3      | Reached skill level 6 in Axes
  2919 | D:3      | Found a shadowy altar of Dithmenos.
  2925 | D:3      | Found a basalt altar of Yredelemnul.
  2925 | D:3      | Found a stormy altar of Qazlal.
  2928 | D:3      | Found a radiant altar of Vehumet.
  3900 | D:4      | Reached XP level 7. HP: 62/62 MP: 6/6
  4548 | D:4      | Found a shimmering altar of Xom.
  4589 | D:4      | Reached skill level 7 in Axes
  4790 | D:5      | Entered Level 5 of the Dungeon
  4833 | D:5      | Found a sacrificial altar of Ru.
  5177 | D:5      | Noticed Renzlar's ghost (novice GnFi)
  5189 | D:5      | Killed Renzlar's ghost
  5189 | D:5      | Reached skill level 8 in Axes
  5189 | D:5      | Reached skill level 5 in Armour
  5189 | D:5      | Reached skill level 5 in Dodging
  5189 | D:5      | Reached XP level 8. HP: 71/71 MP: 7/7
  5233 | D:5      | Found a sand-covered staircase.
  5244 | Ossuary  | Entered an ossuary
  5314 | Ossuary  | Reached **** piety under Trog
  5680 | D:5      | Found Fidwos's Gadget Shoppe.
  6089 | D:6      | Reached skill level 9 in Axes
  6244 | D:6      | Found a staircase to the Ecumenical Temple.
  6796 | D:6      | Reached XP level 9. HP: 65/79 MP: 8/8
  6843 | D:6      | Found a bloodstained altar of Trog.
  6866 | D:6      | Reached ***** piety under Trog
  6944 | D:7      | Found Gotiudwomiu's Jewellery Emporium.
  6945 | D:7      | Noticed Menkaure
  6951 | D:7      | Killed Menkaure
  6951 | D:7      | Reached skill level 10 in Axes
  6982 | D:7      | Found a sparkling altar of Nemelex Xobeh.
  7469 | D:7      | Noticed Pikel
  7480 | D:7      | Killed Pikel
  7853 | D:7      | Found a shimmering altar of Xom.
  7856 | D:7      | Noticed an angel
  7859 | D:7      | Found a glowing silver altar of Zin.
  8114 | D:7      | Found Gialegedgh's Antique Weapon Boutique.
  8117 | D:7      | Bought a fine broad axe for 261 gold pieces
  8117 | D:7      | Identified the +9 broad axe "Pewkufar" {chop, MR- Dex+2 Stlth+} (You bought it in a shop on level 7 of the Dungeon)
  8203 | D:8      | Noticed Grum
  8207 | D:8      | Reached skill level 11 in Axes
  8211 | D:8      | Reached XP level 10. HP: 90/90 MP: 9/9
  8225 | D:8      | Killed Grum
  8375 | D:8      | Found an ancient bone altar of Kikubaaqudgha.
  8452 | D:8      | Noticed a two-headed ogre
  8460 | D:8      | Killed a two-headed ogre
  8460 | D:8      | Reached skill level 12 in Axes
  8591 | D:8      | Received a gift from Trog
  9162 | D:9      | Noticed Lucherd's ghost (novice HOFi)
  9170 | D:9      | Killed Lucherd's ghost
  9359 | D:9      | Reached skill level 10 in Fighting
  9512 | D:10     | Entered Level 10 of the Dungeon
  9554 | D:10     | Reached XP level 11. HP: 90/99 MP: 10/10
  9585 | D:10     | Reached skill level 13 in Axes
  9667 | D:10     | Received a gift from Trog
  9902 | D:10     | Noticed Gastronok
  9944 | D:10     | Killed Gastronok
 10144 | D:10     | Found a staircase to the Lair.
 10257 | D:10     | Noticed Josephine
 10262 | D:10     | Reached skill level 10 in Armour
 10264 | D:10     | Killed Josephine
 10266 | D:10     | Reached skill level 14 in Axes
 10391 | D:10     | Found a staircase to the Orcish Mines.
 10582 | D:11     | Noticed a red ugly thing
 10590 | D:11     | Killed a red ugly thing
 10828 | D:11     | Noticed an eight-headed hydra
 10838 | D:11     | Killed an 11-headed hydra
 11218 | D:11     | Received a gift from Trog
 11219 | D:11     | Got a transparent battleaxe {god gift}
 11249 | D:12     | Identified the +9 battleaxe of Homoazy {flame, *Noise rElec MR+ Dex+3} (Trog gifted it to you on level 11 of the Dungeon)
 11414 | D:12     | Reached XP level 12. HP: 101/110 MP: 11/11
 11423 | D:12     | Noticed a two-headed ogre
 11425 | D:12     | Reached skill level 10 in Dodging
 11897 | D:12     | Killed a two-headed ogre
 11957 | D:12     | Noticed a centaur warrior
 11959 | D:12     | Killed a centaur warrior
 11959 | D:12     | Reached skill level 15 in Axes
 12214 | D:12     | Noticed a two-headed ogre
 12220 | D:12     | Killed a two-headed ogre
 12513 | D:13     | Noticed a death knight
 12521 | D:13     | Killed a death knight
 12615 | D:13     | Reached skill level 16 in Axes
 12696 | D:13     | Noticed a centaur warrior
 12701 | D:13     | Killed a centaur warrior
 12827 | D:13     | Reached XP level 13. HP: 113/119 MP: 12/12
 12863 | D:13     | Received a gift from Trog
 13431 | Lair:1   | Entered Level 1 of the Lair of Beasts
 13696 | Lair:1   | Found the +8 whip "Snakebite" {curare, rPois}
 14709 | Lair:2   | Reached skill level 17 in Axes
 14712 | Lair:2   | Found a snail-covered altar of Cheibriados.
 15414 | Lair:3   | Found a labyrinth entrance.
 15448 | Lab      | Entered a labyrinth
 15528 | Lab      | Reached ****** piety under Trog
 15544 | Lab      | Noticed a minotaur
 15549 | Lab      | Killed a minotaur
 15636 | Lair:3   | Received a gift from Trog
 15873 | Lair:3   | Found a staircase to the Shoals.
 15883 | Lair:3   | Found a staircase to the Snake Pit.
 16026 | Lair:3   | Reached XP level 14. HP: 129/129 MP: 13/13
 16348 | Lair:4   | Noticed Kirke
 16356 | Lair:4   | Killed Kirke
 16360 | Lair:4   | Reached skill level 18 in Axes
 16371 | Lair:4   | Noticed Harold
 16391 | Lair:4   | Killed Harold
 17468 | Lair:6   | Entered Level 6 of the Lair of Beasts
 17781 | Lair:6   | Received a gift from Trog
 17782 | Lair:6   | Got a fine battleaxe {god gift}
 17788 | Lair:6   | Identified the +6 battleaxe "Focs" {chop, +Blink} (Trog gifted it to you on level 6 of the Lair of Beasts)
 17833 | Lair:6   | Noticed Nessos
 17844 | Lair:6   | Killed Nessos
 18212 | Lair:6   | Found a viscous altar of Jiyva.
 18212 | Lair:6   | Found a staircase to the Slime Pits.
 18505 | Lair:6   | Got an encrusted leather armour
 18516 | Lair:6   | Identified the +1 leather armour "Erasyn" {rElec MP+9 SInv} (You found it on level 6 of the Lair of Beasts)
 18953 | Lair:6   | Reached skill level 19 in Axes
 19092 | Lair:6   | Reached XP level 15. HP: 120/139 MP: 14/14
 19172 | Lair:6   | Identified 2 scrolls of acquirement
 19409 | Snake:1  | Entered Level 1 of the Snake Pit
 19491 | Snake:1  | Found Jotoxus's Armour Shop.
 19527 | Snake:1  | Found Bidav's Jewellery Emporium.
 19644 | Snake:1  | Noticed Donald
 19655 | Snake:1  | Killed Donald
 19727 | Snake:1  | Reached skill level 15 in Fighting
 19909 | Snake:1  | Received a gift from Trog
 20187 | Snake:1  | Reached skill level 1 in Staves
 20532 | Snake:2  | Identified the Catalogue of the Escort and Poison
 20608 | Snake:2  | Reached skill level 20 in Axes
 20906 | Snake:2  | Got an encrusted plate armour
 20917 | Snake:2  | Identified the +1 plate armour "Guomonel" {Dex+7} (You found it on level 2 of the Snake Pit)
 21096 | Snake:2  | Reached skill level 15 in Armour
 21098 | Snake:2  | Received a gift from Trog
 21906 | Snake:3  | Noticed a nagaraja
 21909 | Snake:3  | Killed a nagaraja
 21909 | Snake:3  | Reached XP level 16. HP: 149/149 MP: 15/15
 22085 | Snake:3  | Noticed Aizul
 22093 | Snake:3  | Killed Aizul
 22336 | Snake:3  | Received a gift from Trog
 22834 | Snake:4  | Entered Level 4 of the Snake Pit
 23345 | Snake:4  | Reached skill level 21 in Axes
 23516 | Snake:4  | Received a gift from Trog
 23814 | Snake:4  | Reached skill level 15 in Dodging
 23832 | Snake:4  | Reached XP level 17. HP: 36/159 MP: 16/16
 24221 | Snake:4  | Got a serpentine rune of Zot
 24450 | Snake:4  | Received a gift from Trog
 24454 | Snake:4  | Got a polished battleaxe {god gift}
 24455 | Snake:4  | Identified the +9 battleaxe "Enasuo" {protect, +Inv rPois} (Trog gifted it to you on level 4 of the Snake Pit)
 24939 | Orc:1    | Entered Level 1 of the Orcish Mines
 24962 | Orc:1    | Found a shimmering altar of Xom.
 25356 | Orc:2    | Entered Level 2 of the Orcish Mines
 25384 | Orc:2    | Received a gift from Trog
 25473 | Orc:2    | Noticed Erolcha
 25479 | Orc:2    | Killed Erolcha
 25882 | Orc:2    | Reached skill level 22 in Axes
 26183 | Orc:2    | Found Nauxo's Assorted Antiques.
 26186 | Orc:2    | Found Lupt's Jewellery Shop.
 26187 | Orc:2    | Found Qeawiu's Jewellery Boutique.
 26188 | Orc:2    | Found Qothruus's Food Boutique.
 26313 | Orc:2    | Found a staircase to the Elven Halls.
 26378 | Orc:2    | Found Ocoul's Armour Shop.
 26849 | Orc:2    | Bought an uncursed ring of protection from magic for 275 gold pieces
 26937 | Elf:1    | Entered Level 1 of the Elven Halls
 27296 | Shoals:1 | Entered Level 1 of the Shoals
 28297 | D:14     | Found a gate to the Vaults.
 28506 | D:14     | Got a translucent ring mail
 28517 | D:14     | Identified the +5 ring mail of a volcano {rElec rN+} (You found it on level 14 of the Dungeon)
 28563 | D:15     | Entered Level 15 of the Dungeon
 28592 | D:15     | Received a gift from Trog
 29073 | D:15     | Found a staircase to the Depths.
 30295 | Lair:3   | Reached XP level 18. HP: 149/170 MP: 17/17
 31756 | Shoals:2 | Received a gift from Trog
 31772 | Shoals:2 | Received a gift from Trog
 32020 | Shoals:2 | Reached skill level 23 in Axes
 32094 | Shoals:2 | Found a frozen archway.
 32160 | Shoals:2 | Found Nux Quf's Book Emporium.
 32917 | Shoals:3 | Noticed Roxanne
 32976 | Shoals:4 | Entered Level 4 of the Shoals
 33555 | Shoals:4 | HP: 4/171 [tentacle[a kraken simulacrum] (12)]
 33555 | Shoals:4 | Mangled by a tentacle

Skill      XL: |  1  2  3  4  5  6  7  8  9 10 11 12 13 14 15 16 17 18 |
---------------+-------------------------------------------------------+-----
Fighting       | 4 5 6 7 8 10 11 12 13 14 15 16 17 | 17.7
Axes           | 4 5 6 8 9 11 12 14 16 17 19 20 21 22 23 | 23.2
Armour         | 3 4 5 6 7 9 10 11 13 14 15 16 17 | 17.4
Dodging        | 3 4 5 6 7 8 9 11 12 13 14 15 16 | 16.2
Staves         | 2 |  2.0
Stealth        | |  0.2

Action                   |  1- 3 |  4- 6 |  7- 9 | 10-12 | 13-15 | 16-18 || total
-------------------------+-------+-------+-------+-------+-------+-------++-------
Melee: Hand axe          |    63 |   119 |   299 |       |       |       ||   481
       Headbutt          |     8 |    18 |    75 |    69 |   127 |   186 ||   483
       Broad axe         |       |       |     6 |   231 |       |       ||   237
       Battleaxe         |       |       |       |   122 |   624 |   790 ||  1536
Invok: Berserk           |     1 |     3 |     4 |     6 |     3 |    11 ||    28
       Trog's Hand       |       |     1 |       |     3 |     1 |    12 ||    17
       Brothers in Arms  |       |       |     1 |     2 |       |    10 ||    13
       Burn Spellbooks   |       |       |       |       |     4 |     2 ||     6
  Use: Scroll            |       |       |    13 |     2 |     4 |    12 ||    31
       Potion            |       |       |       |       |       |     3 ||     3
 Stab: Distracted        |       |       |     1 |       |       |     1 ||     2
       Sleeping          |       |       |       |     8 |       |       ||     8
  Eat: Chunk             |     1 |     9 |    13 |    18 |    27 |    20 ||    88
       Ration            |       |     1 |     1 |     2 |     2 |    11 ||    17
Armor: Animal skin       |    17 |    27 |       |       |       |       ||    44
       Leather armour    |       |     7 |    71 |   103 |     6 |       ||   187
       Chain mail        |       |       |       |       |   157 |       ||   157
       Scale mail        |       |       |       |       |    48 |   159 ||   207
       Plate armour      |       |       |       |       |       |   143 ||   143
Dodge: Dodged            |    52 |    72 |   170 |   306 |   438 |   723 ||  1761
Block: Other             |       |       |       |       |       |   154 ||   154
       Reflection        |       |       |       |       |       |    14 ||    14
